 Dungeon Crawl Stone Soup version 0.29.1-1-gd02db6906a (console) character file.

Game seed: 9498538593762759636

5 sentinel the Digger (level 2, 13/20 HPs)
             Began as a Meteoran Earth Elementalist on Oct 6, 2022.
             Quit the game on level 1 of the Dungeon.
             The game lasted 00:00:04 (49 turns).

sentinel the Digger (Meteoran Earth Elementalist)     Turns: 49, Time: 00:00:05

Health: 13/20      AC:  2    Str:  9    XL:     2   Next: 5%
Magic:  0/6        EV: 12    Int: 16    God:
Gold:   0          SH:  0    Dex: 14    Spells: 5/6 levels left

rFire   . . .      SeeInvis .   (no weapon)
rCold   . . .      Faith    .   (no shield)
rNeg    . . .      Spirit   .   a - +0 robe
rPois   .          Reflect  .   (no helmet)
rElec   .          Harm     .   (no cloak)
rCorr   .          Rampage  .   (no gloves)
Will    .....                   (no boots)
Stlth   +.........              (no amulet)
HPRegen 0.06/turn               (no ring)
MPRegen 0.10/turn               (no ring)

@: glowing
A: sense surroundings 1, otherworldly, glowing, explore regen
a: no special abilities


You were on level 1 of the Dungeon.
You visited 1 branch of the dungeon, and saw 1 of its levels.

Inventory:

Armour
 a - a +0 robe (worn)
Potions
 b - a potion of magic


   Skills:
 - Level 2.4 Dodging
 - Level 1.4 Stealth
 - Level 2.6 Spellcasting
 - Level 1.2 Transmutations
 + Level 4.1 Earth Magic


You had 5 spell levels left.
You knew the following spells:

 Your Spells              Type           Power      Damage    Failure   Level
a - Sandblast             Erth           30%        2d9       3%          1

Your spell library contained the following spells:

 Spells                   Type           Power      Damage    Failure   Level
 Passwall                 Tmut/Erth      8%         N/A       10%         2
 Stone Arrow              Conj/Erth      16%        3d8       26%         3
 Petrify                  Tmut/Erth      10%        N/A       54%         4


Dungeon Overview and Level Annotations

Branches:
Dungeon (1/15) Zot: 547

Altars:


Innate Abilities, Weirdness & Mutations

You passively map a small area around you.
You are easily found by Zot.
You glow in the dark.
You regain HP and MP as you explore.


Message History

You can't see any susceptible monsters within range! (Use Z to cast anyway.) Unknown command.
You can't see any susceptible monsters within range! (Use Z to cast anyway.) Unknown command.
You can't see any susceptible monsters within range! (Use Z to cast anyway.) Unknown command.
You can't see any susceptible monsters within range! (Use Z to cast anyway.) Unknown command.
No target in view!
No target in view!
You can't see any susceptible monsters within range! (Use Z to cast anyway.) Unknown command.
You can't see any susceptible monsters within range! (Use Z to cast anyway.) Unknown command.
You can't see any susceptible monsters within range! (Use Z to cast anyway.) Unknown command.
You can't see any susceptible monsters within range! (Use Z to cast anyway.) Unknown command.
Magic restored.
A kobold comes into view. It is wielding a +0 dagger.
Unknown command.
But you're not safe!
Unknown command.
But you're not safe!
Unknown command.
But you're not safe!
Unknown command.
But you're not safe!
Unknown command.
A ball python comes into view.
You miscast Sandblast.
You are very lightly contaminated with residual magic.
Nothing appears to happen.
The ball python hisses angrily.
A giant cockroach comes into view.
A goblin comes into view. It is wielding a +0 dagger.
The giant cockroach moves out of view.
The blast of sand hits the kobold.
You kill the kobold!
The goblin shouts!
A rat comes into view.
Unknown command.
The blast of sand hits the ball python!
You kill the ball python!
Unknown command.
The blast of sand hits the goblin!
You kill the goblin!
A bat comes into view.
The bat moves out of view.
Unknown command.
The blast of sand hits the rat!
You kill the rat!
Your magical contamination has completely faded away.
Your Earth Magic skill increases to level 4!
Unknown command.
You barely miss the giant cockroach. The giant cockroach bites you.
You barely miss the giant cockroach. The giant cockroach closely misses you.
The blast of sand hits the giant cockroach.
The giant cockroach is heavily wounded.
The giant cockroach closely misses you. The giant cockroach bites you.
Unknown command.
You are out of magic!
Unknown command.
You are out of magic!
Unknown command.
You are out of magic!
Unknown command.
You completely miss the giant cockroach.
The giant cockroach is heavily wounded.
The giant cockroach bites you but does no damage.
You completely miss the giant cockroach.
The giant cockroach is heavily wounded.
The giant cockroach barely misses you.
You are out of magic!
Unknown command.
You are out of magic!
Unknown command.
You are out of magic!
Unknown command.
You are out of magic!
Unknown command.
But you're not safe!
Unknown command.
But you're not safe!
Unknown command.
But you're not safe!
Unknown command.
But you're not safe!
Unknown command.
But you're not safe!
Unknown command.
You barely miss the giant cockroach.
The giant cockroach is heavily wounded.
The giant cockroach misses you. The giant cockroach barely misses you.
You barely miss the giant cockroach.
The giant cockroach is heavily wounded.
The giant cockroach closely misses you.
You are out of magic!
Unknown command.
You are out of magic!
Unknown command.
You are out of magic!
Unknown command.
You are out of magic!
Unknown command.
You barely miss the giant cockroach.
The giant cockroach is heavily wounded.
The giant cockroach bites you.
You barely miss the giant cockroach.
The giant cockroach is heavily wounded.
The giant cockroach barely misses you.
You are out of magic!
Unknown command.
You are out of magic!
Unknown command.
You are out of magic!
Unknown command.
You are out of magic!
Unknown command.
You closely miss the giant cockroach.
The giant cockroach is heavily wounded.
The giant cockroach bites you.
You hit the giant cockroach but do no damage.
The giant cockroach is heavily wounded.
The giant cockroach bites you but does no damage.
The giant cockroach misses you.
The blast of sand hits the giant cockroach!
You kill the giant cockroach!
The bat hits you but does no damage. x3
You have reached level 2!
Unknown command.
You are out of magic!
Unknown command.
You are out of magic!
Unknown command.
But you're not safe!
Unknown command.
But you're not safe!
Unknown command.
But you're not safe!
Unknown command.
But you're not safe!
Unknown command.
But you're not safe!
Unknown command.
Unknown command.
Unknown command.
Unknown command.
Unknown command.
Are you sure you want to abandon this character and quit the game? (Confirm with "yes".)

, , , , #. #.###.#
#... #..##.# #... ,
, #..##.# #.. * ,,
#..##.# ... ♣♣♣♣♣ *
* #..##.# #.#♣♣...♣♣
#..##.# #.♣♣.....♣♣
#.@.#.###.♣.......♣
*#b#.#.....♣.......♣
,, ,
†).#..####....♣.♣..♣
* , ...####..#
#.....⌠.(.♣ ...).
##.###....♣.♣..♣ ,*
, ....
#..###♣......♣♣ *
... ##.# ♣......#♣
... * #.# ♣♣......♣
,,, #.. , ♣♣..♣.<♣


You could see a bat.

Vanquished Creatures
  A giant cockroach (D:1)
  A goblin (D:1)
  A ball python (D:1)
  A kobold (D:1)
  2 rats (D:1)
6 creatures vanquished.

Notes
Turn   | Place    | Note
-------+----------+-------------------------------------------
     0 | D:1      | sentinel the Meteoran Earth Elementalist began the quest
                  | for the Orb.
     0 | D:1      | Reached XP level 1. HP: 14/14 MP: 5/5
    37 | D:1      | Reached skill level 4 in Earth Magic
    49 | D:1      | Reached XP level 2. HP: 13/20 MP: 0/6
    49 | D:1      | Quit the game

Illustrated notes

Levels and vault maps discovered:
D:1:      amcnicky_arrival_underground_garden, layout_basic,
          hellmonk_ecumenical_altar_run_dry

Skill      XL: |  1 |
---------------+----+-----
Earth Magic    | 4 |  4.1
Dodging        | |  2.4
Stealth        | |  1.4
Spellcasting   | |  2.6
Transmutations | |  1.2

Action                   || total
-------------------------++-------
Melee: Unarmed           ||    10
 Cast: Sandblast         ||     7
Armor: Robe              ||     5
Dodge: Dodged            ||     8
